 Dungeon Crawl Stone Soup version 0.18.1-8-gdd0e5ea (webtiles) character file.

9584 raph the Reanimator (level 11, 0/92 HPs)
             Began as a Deep Dwarf Necromancer on June 7, 2016.
             Was a High Priest of Makhleb.
             Slain by a blink frog (15 damage)
             ... on level 2 of the Lair of Beasts.
             The game lasted 00:41:15 (13104 turns).

raph the Reanimator (Deep Dwarf Necromancer)       Turns: 13104, Time: 00:41:16

Health: 0/92       AC: 10    Str: 18    XL:     11   Next: 25%
Magic:  8/19       EV: 14    Int: 18    God:    Makhleb [*****.]
Gold:   529        SH:  0    Dex: 13    Spells: 7 memorised, 3 levels left

rFire  . . .     SeeInvis .     N - +0 battleaxe (vamp)
rCold  + + .     Gourm    .     E - +2 leather armour {rC+}
rNeg   . . .     Faith    .     (shield currently unavailable)
rPois  .         Spirit   .     z - +1 hat
rElec  .         Dismiss  .     (no cloak)
rCorr  .         Reflect  .     M - +0 pair of gloves
SustAt .         Harm     .     x - +2 pair of boots {Fly}
MR     ++...                    C - amulet of magic regeneration
Stlth  +++.......               F - ring of protection from cold
                                J - ring of protection from magic

@: mighty, flying, non-regenerating, very resistant to hostile enchantments,
fairly stealthy
A: damage resistance, recharge devices, sense surroundings 2, slow regeneration
3
a: Device Recharging, Minor Destruction, Lesser Servant of Makhleb, Major
Destruction, Greater Servant of Makhleb, Renounce Religion, Stop Flying


You were on level 2 of the Lair of Beasts.
You worshipped Makhleb.
Makhleb was extremely pleased with you.
You were hungry.

You visited 3 branches of the dungeon, and saw 13 of its levels.

You collected 529 gold pieces.

Inventory:

Hand Weapons
 l - a +1 whip of electrocution
 t - a +2 hand axe of electrocution
 K - the +9 dagger of Chilly Death {flash freeze, rPois rF- rC++ MR+}
   (You found it on level 8 of the Dungeon)

   It has been specially enchanted to freeze those struck by it, causing extra
   injury to most foes and up to half again as much damage against particularly
   susceptible opponents.
   It can also slow down cold-blooded creatures.
   It makes you vulnerable to fire.
   It greatly protects you from cold.
   It protects you from poison.
   It affects your resistance to hostile enchantments.
 N - a +0 vampiric battleaxe (weapon)
Missiles
 j - 20 tomahawks
 O - 5 javelins
Armour
 a - a +0 pair of boots of stealth
 x - a +2 pair of boots of flying (worn)
 z - a +1 hat (worn)
 E - a +2 leather armour of cold resistance (worn)
 M - a +0 pair of gloves (worn)
Jewellery
 i - an uncursed ring of poison resistance
 C - an amulet of magic regeneration (around neck)
 F - a ring of protection from cold (right hand)
 H - an uncursed ring of fire
 I - an uncursed ring of protection from cold
 J - a ring of protection from magic (left hand)
Wands
 c - a wand of heal wounds (4/9)
 p - a wand of slowing (10/48)
 B - a wand of iceblast (7/15)
 G - a wand of teleportation (3/9)
 P - a wand of acid (5/15)
 R - a wand of lightning (6/15)
 S - a wand of confusion (21/48)
 T - a wand of acid (4/15)
 U - a wand of slowing (25/48)
Scrolls
 s - 3 scrolls of remove curse
 u - 3 scrolls of recharging
 v - 2 scrolls of fog
 w - 4 scrolls of teleportation
 Q - 3 scrolls of identify
Potions
 e - 7 potions of curing
 k - 3 potions of agility
 m - a potion of cure mutation
 o - 2 potions of brilliance (quivered)
 q - a potion of flight
 A - 2 potions of ambrosia
 W - a potion of mutation {unknown}
Books
 b - a book of Necromancy

   Spells                             Type                      Level
   a - Pain                           Necromancy                   1
   b - Animate Skeleton               Necromancy                   1
   c - Vampiric Draining              Necromancy                   3
   d - Regeneration                   Charms/Necromancy            3
   e - Animate Dead                   Necromancy                   4
   f - Control Undead                 Necromancy                   4
 n - a Young Poisoner's Handbook

   Spells                             Type                      Level
   a - Sting                          Conjuration/Poison           1
   b - Cure Poison                    Poison                       2
   c - Mephitic Cloud                 Conjuration/Poison/Air       3
   d - Olgreb's Toxic Radiance        Poison                       4
   e - Venom Bolt                     Conjuration/Poison           5
 y - a book of Maledictions

   Spells                             Type                      Level
   a - Corona                         Hexes                        1
   b - Ensorcelled Hibernation        Hexes/Ice                    2
   c - Confuse                        Hexes                        3
   d - Tukima's Dance                 Hexes                        3
   e - Dazzling Spray                 Conjuration/Hexes            3
 D - a book of Alchemy

   Spells                             Type                      Level
   a - Sublimation of Blood           Necromancy                   2
   b - Ignite Poison                  Fire/Transmutation/Poison    3
   c - Petrify                        Transmutation/Earth          4
   d - Alistair's Intoxication        Transmutation/Poison         5
   e - Irradiate                      Conjuration/Transmutation    5
 L - a book of Flames

   Spells                             Type                      Level
   a - Flame Tongue                   Conjuration/Fire             1
   b - Throw Flame                    Conjuration/Fire             2
   c - Conjure Flame                  Conjuration/Fire             3
   d - Inner Flame                    Hexes/Fire                   3
   e - Sticky Flame                   Conjuration/Fire             4
   f - Fireball                       Conjuration/Fire             5
Comestibles
 d - 6 bread rations
 f - 7 fruits
 g - a slice of pizza


   Skills:
 - Level 4.2 Fighting
 + Level 6.3(6.4) Axes
 - Level 1.0(3.7) Maces & Flails
 - Level 6.0 Dodging
 - Level 5.0 Stealth
 + Level 5.4 Spellcasting
 * Level 5.4 Conjurations
 + Level 8.9 Necromancy
 * Level 4.9 Poison Magic
 * Level 6.4 Invocations
 - Level 6.7 Evocations


You had 3 spell levels left.
You knew the following spells:

 Your Spells              Type           Power        Failure   Level  Hunger
a - Pain                  Necr           ####         1%          1    None
b - Animate Skeleton      Necr           N/A          1%          1    None
c - Vampiric Draining     Necr           #####.....   1%          3    ##.....
d - Animate Dead          Necr           N/A          4%          4    ####...
e - Sting                 Conj/Pois      ###.         1%          1    None
f - Control Undead        Necr           #####.....   4%          4    ####...
g - Mephitic Cloud        Conj/Pois/Air  ###.....     14%         3    ##.....


Dungeon Overview and Level Annotations

Branches:
Dungeon (10/15)            Temple (1/1) D:4            Lair (2/8) D:10
    Orc: D:9-12

Altars:
Dithmenos
Fedhas
Gozag
Kikubaaqudgha
Makhleb
Nemelex Xobeh
Okawaru
Qazlal
Ru
Sif Muna
Trog
Yredelemnul
Zin
The Shining One

Shops:
D:8 }   D:10 :

Annotations:
D:8 WyrdKnight's ghost, novice TrBe


Innate Abilities, Weirdness & Mutations

You are resistant to damage.
You can recharge devices by infusing magical energy.
You passively map the area around you.
You do not regenerate naturally.


Message History

Confirm with . or Enter, or press ? or * to list all spells.
Okay, then.
Read which item? (? for menu, Esc to quit)
Okay, then.
Drink which item? (? for menu, Esc to quit)
You feel very mighty all of a sudden.
The blink frog blinks!
The blink frog hits you but does no damage.
The blink frog blinks!
Casting: Animate Dead
Confirm with . or Enter, or press ? or * to list all spells.
Aiming: Vampiric Draining
Press: ? - help, Shift-Dir - straight line, f - blink frog
Aim: a blink frog The blink frog is lightly wounded.
You feel life coursing into your body.
The blink frog blinks!
The blink frog hits you!
* * * LOW HITPOINT WARNING * * *
The blink frog hits you!
You die...

..P........##.....# ....#..
,, ..P..#.....###...##
....... ,
Z.####......#..P..##....#.P
...#................$......
.....................§.....
,
.....................Z.....
..........>.........FZ.....,
................F......§...
#....#.........F@tF...F..P#,
,
##..##.....#...#..F#.....##
* ....
.......#..###.#.....#, *
....##...#.#...# ###.....+
** .... ,* #.. * * ...... ,
.... ,#. *,, ....# ##P. , .,
, ,, , , ** ##P.P.. * , *
......#. , ,,*, *, , **


You could see 6 blink frogs, a crocodile and 2 friendly blink frog zombies.

Vanquished Creatures
  A hydra (Lair:1)
  A hill giant (D:10)
  4 elephants
  A blink frog (Lair:2)
  The ghost of juanjsm the Changer, an amateur OpTm (D:4)
  A hippogriff (D:8)
  2 hungry ghosts
  3 wargs (D:10)
  2 water moccasins (Lair:1)
  2 porcupines (Lair:1)
  A phantom (D:5)
  3 ice beasts
  3 orc warriors
  4 ogres
  2 necrophages
  A wolf (Lair:1)
  A crocodile (Lair:1)
  3 centaurs
  6 giant frogs
  3 scorpions
  2 wights (D:7)
  11 killer bees
  2 vampire bats (D:7)
  An electric eel (D:6)
  2 crimson imps
  3 orc priests
  7 hounds
  6 jellies
  Natasha (thrice) (D:4)
  2 iguanas
  9 orc wizards
  7 worker ants
  A killer bee zombie (D:8)
  2 hound skeletons
  A worker ant zombie (D:7)
  A howler monkey skeleton (D:4)
  9 gnolls
  10 river rats (Lair:1)
  7 adders
  2 shadow imps
  2 adder skeletons
  2 adder zombies
  2 worms (D:3)
  3 dart slugs
  3 giant geckos
  35 orcs
  10 bats
  A bat skeleton (D:7)
  3 bat zombies (D:7)
  4 giant cockroaches
  7 hobgoblins
  7 jackals
  8 kobolds
  3 quokkas
  2 giant gecko zombies
  2 giant newts
  9 goblins
  2 quokka skeletons
  6 rats
244 creatures vanquished.

Vanquished Creatures (collateral kills)
  2 elephants (Lair:2)
  A troll (D:9)
  A blink frog (Lair:2)
  2 hippogriffs
  A hungry ghost (D:10)
  A porcupine (Lair:1)
  An ice beast (D:10)
  6 necrophages (Lair:2)
  2 wolves (Lair:1)
  A wight (D:7)
  A killer bee (D:10)
  A crimson imp (D:10)
  An orc wizard (D:5)
  An adder (D:5)
  3 river rats (Lair:1)
  4 orcs
  A jackal (D:7)
30 creatures vanquished.

Vanquished Creatures (others)
  3 river rats (Lair:1)
3 creatures vanquished.

Grand Total: 277 creatures vanquished

Notes
Turn   | Place    | Note
--------------------------------------------------------------
     0 | D:1      | raph the Deep Dwarf Necromancer began the quest for the Orb.
     0 | D:1      | Reached XP level 1. HP: 15/15 MP: 3/3
    59 | D:1      | Learned a level 1 spell: Animate Skeleton
   504 | D:1      | Reached XP level 2. HP: 13/22 MP: 0/4
   822 | D:1      | Reached skill level 5 in Necromancy
  1314 | D:2      | Reached XP level 3. HP: 14/28 MP: 2/6
  1451 | D:2      | Reached skill level 1 in Evocations
  1533 | D:2      | Learned a level 3 spell: Vampiric Draining
  2264 | D:3      | Reached XP level 4. HP: 36/36 MP: 7/7
  2848 | D:3      | Reached XP level 5. HP: 38/43 MP: 5/8
  2988 | D:4      | Found a staircase to the Ecumenical Temple.
  3066 | D:4      | Reached skill level 1 in Maces & Flails
  3089 | D:4      | Found an opulent altar of Gozag.
  3121 | D:4      | Noticed juanjsm's ghost (amateur OpTm)
  3133 | D:4      | Killed juanjsm's ghost
  3133 | D:4      | Reached skill level 1 in Fighting
  3133 | D:4      | Reached skill level 1 in Axes
  3133 | D:4      | Reached XP level 6. HP: 27/51 MP: 4/10
  3140 | Temple   | Entered the Ecumenical Temple
  3150 | Temple   | Became a worshipper of Makhleb the Destroyer
  3329 | D:4      | Learned a level 4 spell: Animate Dead
  3460 | D:4      | Reached skill level 6 in Necromancy
  3547 | D:4      | Noticed Natasha
  3557 | D:4      | Killed Natasha
  3765 | D:4      | Reached XP level 7. HP: 30/58 MP: 6/11
  3808 | D:4      | Noticed Natasha
  3818 | D:4      | Killed Natasha
  4171 | D:4      | Noticed Natasha
  4177 | D:4      | Killed Natasha
  4293 | D:5      | Entered Level 5 of the Dungeon
  4595 | D:5      | Found a bloodstained altar of Trog.
  4732 | D:5      | Found a stormy altar of Qazlal.
  4817 | D:5      | Noticed an air elemental
  4817 | D:5      | Noticed a fire elemental
  4817 | D:5      | Noticed a water elemental
  4862 | D:5      | Reached * piety under Makhleb
  5008 | D:5      | Found an iron altar of Okawaru.
  5232 | D:5      | Reached XP level 8. HP: 43/68 MP: 7/13
  5326 | D:5      | Learned a level 1 spell: Sting
  5557 | D:5      | Found a sacrificial altar of Ru.
  5770 | D:6      | Reached skill level 1 in Conjurations
  6117 | D:6      | Reached ** piety under Makhleb
  6133 | D:6      | Reached skill level 5 in Stealth
  6133 | D:6      | Reached skill level 1 in Invocations
  6166 | D:6      | Found a shadowy altar of Dithmenos.
  6624 | D:6      | Reached skill level 7 in Necromancy
  6833 | D:6      | Learned a level 4 spell: Control Undead
  6858 | D:7      | Reached skill level 1 in Poison Magic
  7081 | D:7      | Found a deep blue altar of Sif Muna.
  7102 | D:7      | Found a glowing silver altar of Zin.
  7149 | D:7      | Found a sparkling altar of Nemelex Xobeh.
  8315 | D:7      | Gained mutation: You passively map the area around you. [Deep Dwarf growth]
  8315 | D:7      | Reached XP level 9. HP: 65/75 MP: 9/15
  8412 | D:7      | Found an ancient bone altar of Kikubaaqudgha.
  8470 | D:7      | Reached skill level 5 in Evocations
  8549 | D:8      | Noticed WyrdKnight's ghost (novice TrBe)
  8628 | D:8      | Found Rutesop's Gadget Boutique.
  8901 | D:8      | Reached *** piety under Makhleb
  8910 | D:8      | Reached skill level 5 in Dodging
  9277 | D:9      | Noticed a troll
  9285 | D:9      | Killed a troll
  9285 | D:9      | Reached skill level 5 in Axes
  9285 | D:9      | Reached skill level 8 in Necromancy
  9350 | D:9      | Found a glowing golden altar of the Shining One.
  9426 | D:9      | Learned a level 3 spell: Mephitic Cloud
  9822 | D:9      | Identified 2 scrolls of acquirement
 10070 | D:10     | Entered Level 10 of the Dungeon
 10247 | D:10     | Reached XP level 10. HP: 47/85 MP: 16/16
 10265 | D:10     | Reached **** piety under Makhleb
 10408 | D:10     | Found Aqosh's Book Shoppe.
 10724 | D:10     | Found a staircase to the Lair.
 11155 | D:10     | Noticed a hill giant
 11178 | D:10     | Killed a hill giant
 11829 | Lair:1   | Entered Level 1 of the Lair of Beasts
 11871 | Lair:1   | Reached skill level 5 in Invocations
 12057 | Lair:1   | Reached ***** piety under Makhleb
 12191 | Lair:1   | Reached skill level 5 in Spellcasting
 12277 | Lair:1   | Noticed a four-headed hydra
 12295 | Lair:1   | Killed a four-headed hydra
 12660 | Lair:2   | Noticed an elephant
 12661 | Lair:2   | Noticed an elephant
 12661 | Lair:2   | Noticed an elephant
 12663 | Lair:2   | Noticed an elephant
 12664 | Lair:2   | Noticed an elephant
 12665 | Lair:2   | Noticed an elephant
 12681 | Lair:1   | Killed an elephant
 12877 | Lair:2   | Killed an elephant
 12877 | Lair:2   | Reached skill level 5 in Conjurations
 12877 | Lair:2   | Reached XP level 11. HP: 59/92 MP: 18/18
 13104 | Lair:2   | Slain by a blink frog

Skill      XL: |  1  2  3  4  5  6  7  8  9 10 11 |
---------------+----------------------------------+-----
Spellcasting   | 2 3 4 5 |  5.4
Necromancy     | 5 6 7 8 |  8.9
Evocations     | 1 2 3 4 6 |  6.7
Stealth        | 3 4 5 |  5.0
Maces & Flails | 1 |  1.0
Fighting       | 1 2 3 4 |  4.2
Axes           | 1 2 3 4 5 6 |  6.3
Dodging        | 3 4 5 6 |  6.0
Conjurations   | 2 3 5 |  5.4
Invocations    | 2 4 5 6 |  6.4
Poison Magic   | 1 2 4 |  4.9

Action                   |  1- 3 |  4- 6 |  7- 9 | 10-12 || total
-------------------------+-------+-------+-------+-------++-------
Melee: Unarmed           |     5 |       |       |       ||     5
       Dagger            |    34 |       |       |       ||    34
       Whip              |     7 |    12 |       |       ||    19
       Hand axe          |       |    22 |   173 |       ||   195
       Battleaxe         |       |       |    32 |   215 ||   247
 Cast: Pain              |    59 |    55 |   168 |    35 ||   317
       Animate Skeleton  |    14 |     8 |    18 |     8 ||    48
       Vampiric Draining |     3 |     6 |    67 |    73 ||   149
       Animate Dead      |       |     1 |     8 |    18 ||    27
       Control Undead    |       |       |     5 |     4 ||     9
       Sting             |       |       |     1 |       ||     1
       Mephitic Cloud    |       |       |       |     1 ||     1
Invok: Major Destruction |       |       |       |     1 ||     1
Evoke: Wand              |     1 |       |     2 |     4 ||     7
  Use: Scroll            |     8 |     4 |     7 |     3 ||    22
       Potion            |     2 |     2 |       |     4 ||     8
 Stab: Sleeping          |       |       |     5 |     1 ||     6
       Distracted        |       |       |       |     1 ||     1
       Confused          |       |       |       |     1 ||     1
  Eat: Chunk             |     5 |     5 |    15 |    11 ||    36
       Beef jerky        |       |     1 |     1 |       ||     2
       Meat ration       |       |       |     3 |     2 ||     5
       Bread ration      |       |       |       |     3 ||     3
       Fruit             |       |       |       |     2 ||     2
       Pizza             |       |       |       |     1 ||     1
Armor: Robe              |     4 |       |       |       ||     4
       Leather armour    |    17 |    10 |    95 |   163 ||   285
Dodge: Dodged            |    51 |    28 |   278 |   295 ||   652
